Cogmind - Beta 14 @@@ ROGUE MODE // 2024.12.29 @ 23:27:36 Player: Alien Result: Destroyed by P-80 Master with Gamma Rifle Performance ------------- Evolutions (8) 4000 Regions Visited (21) 4200 Robots Destroyed (117) 585 Value Destroyed (2853) 2853 Prototype IDs (52) 1040 Alien Tech Used (4) 800 Bonus (5674) 5674 TOTAL SCORE: 19152 Bonus ------- High Alert Combat Kills 136 Follower Combat Kills 854 Met Data Miner 300 Met Imprinter 300 Was Imprinted 300 Met Zhirov 300 Found Hidden Lab 3000 Pursued by Intercept 500 Friendly Fire -16 Cogmind --------- Core Integrity 0/1450 Matter 300/300 Energy 100/100 System Corruption 29% Temperature Cool (0) Movement Core (50) Location -2/Research Parts ------- > --- POWER (2) -------- (None) > --- PROPULSION (8) --- (None) > --- UTILITY (11) ----- (None) > --- WEAPON (3) ------- (None) > --- INVENTORY (5) ---- Light Antimatter Reactor Core Reset Matrix Potential Cannon Improved Proton Missile Launcher Peak State ------------ > --- POWER ------------ Zionite Light DM Reactor Zionite Light DM Reactor > --- PROPULSION ------- Improved VTOL Module Improved VTOL Module Cooled Nuclear Pulse Thruster Cooled Nuclear Pulse Thruster Cooled Nuclear Pulse Thruster Cooled Nuclear Pulse Thruster Nuclear Pulse Array > --- UTILITY ---------- Advanced Heat Sink Medium Storage Unit Gravity Neutralizer Enhanced Optical Array Advanced Sensor Array Core Analyzer Reaction Control System Zionite Heavy Carapace Advanced Force Field Deep Network Scanner > --- WEAPON ----------- Zionite Laser-S Zionite Laser-S > --- INVENTORY -------- Medium Regenerative Plating Core Reset Matrix Compact HERF Cannon Potential Cannon Improved Proton Missile Launcher [Rating: 140] Favorites ----------- Power Heavy Ion Engine Engine Heavy Ion Engine Power Core Light Nuclear Core Reactor Zionite Light DM Reactor Propulsion Light Treads Treads Light Treads Wheel Compact Wheel Flight Unit Improved VTOL Module Utility High-capacity Storage Unit Device Gravity Neutralizer Storage High-capacity Storage Unit Processor Targeting Computer Hackware Hacking Suite Protection Improved Medium Armor Plating Weapon Improved Assault Rifle Energy Gun Medium Laser Energy Cannon Potential Cannon Ballistic Gun Improved Assault Rifle Ballistic Cannon Light Cannon Launcher Rocket Launcher Impact Weapon Hammer Special Melee Weapon Advanced Datajack Build | -11 -10 -10 -9 -9 -7 -6 -6 -6 -6 -6 -5 -5 -5 -5 -5 -4 -4 -4 -4 -3 -2 ------- Run | Yrd Mat Min Mat Min Zio Pro Fac Low Low Dat Pro Fac Upp Upp Zhi Pro Fac Arm Lab Res Res Slots Evolved 16 | . . . 2 . . . 6 . . . . 2 . . . . 2 . . 2 2 Power . | . . . . . . . . . . . . . . . . . . . . . . Propulsion 6 | . . . 1 . . . 1 . . . . 1 . . . . . . . 2 1 Utility 9 | . . . 1 . . . 4 . . . . 1 . . . . 2 . . . 1 Weapon 1 | . . . . . . . 1 . . . . . . . . . . . . . . Parts Attached 189 | 7 13 4 36 2 5 5 17 . 2 . 5 10 9 . 12 4 10 . 20 8 20 Power 18 | 1 1 2 2 . . . 1 . 1 . . 2 1 . 2 . . . 1 3 1 Engine 6 | 1 . 2 1 . . . . . 1 . . . . . . . . . . 1 . Core 4 | . 1 . 1 . . . 1 . . . . 1 . . . . . . . . . Reactor 8 | . . . . . . . . . . . . 1 1 . 2 . . . 1 2 1 Propulsion 44 | 2 5 . 17 . 1 2 4 . . . . 3 . . 3 . . . . 1 6 Treads 23 | 2 5 . 13 . 1 2 . . . . . . . . . . . . . . . Leg . | . . . . . . . . . . . . . . . . . . . . . . Wheel 2 | . . . 2 . . . . . . . . . . . . . . . . . . Hover . | . . . . . . . . . . . . . . . . . . . . . . Flight 19 | . . . 2 . . . 4 . . . . 3 . . 3 . . . . 1 6 Utility 81 | 2 3 . 6 2 4 1 8 . 1 . 4 5 5 . 7 3 7 . 10 1 12 Device 28 | 1 . . 1 1 1 . 3 . . . 3 . . . 5 3 2 . 1 . 7 Storage 14 | 1 2 . 1 . 1 . 1 . . . . 1 1 . 1 . 2 . 3 . . Processor 5 | . 1 . . . . . . . 1 . 1 2 . . . . . . . . . Hackware 4 | . . . . . . . 3 . . . . . . . . . . . 1 . . Protection 30 | . . . 4 1 2 1 1 . . . . 2 4 . 1 . 3 . 5 1 5 Artifact . | . . . . . . . . . . . . . . . . . . . . . . Weapon 46 | 2 4 2 11 . . 2 4 . . . 1 . 3 . . 1 3 . 9 3 1 Energy Gun 12 | 1 . . 1 . . 1 . . . . . . 1 . . . . . 5 3 . Energy Cannon 3 | . . . 1 . . . . . . . . . . . . . . . 2 . . Ballistic Gun 12 | 1 2 1 8 . . . . . . . . . . . . . . . . . . Ballistic Cannon 5 | . 2 1 1 . . . . . . . . . 1 . . . . . . . . Launcher 9 | . . . . . . 1 3 . . . 1 . 1 . . 1 . . 1 . 1 Special Weapon . | . . . . . . . . . . . . . . . . . . . . . . Impact Weapon 3 | . . . . . . . 1 . . . . . . . . . 1 . 1 . . Slashing Weapon . | . . . . . . . . . . . . . . . . . . . . . . Piercing Weapon . | . . . . . . . . . . . . . . . . . . . . . . Special Melee Weapon 2 | . . . . . . . . . . . . . . . . . 2 . . . . Unidentified Prototypes 29 | . . . 5 1 1 . 1 . . . . 1 4 . 4 . 1 1 6 3 1 Parts Lost 49 | . 1 2 1 . . 6 . . . . 2 2 . . . . 1 . 6 1 27 Power 4 | . . 1 . . . . . . . . . . . . . . . . 1 . 2 Propulsion 14 | . . . . . . 2 . . . . . 1 . . . . . . . . 11 Utility 22 | . . . 1 . . 2 . . . . . 1 . . . . 1 . 5 . 12 Weapon 9 | . 1 1 . . . 2 . . . . 2 . . . . . . . . 1 2 Highest Loss Streak 27 | . 1 2 1 . . 4 . . . . 2 2 . . . . 1 . 4 1 27 To Critical Strikes . | . . . . . . . . . . . . . . . . . . . . . . Average Slot Usage (%) 95 | . 99 98 97 99 100 96 85 93 96 100 92 82 87 88 92 94 92 . 81 84 62 Engine 5 | . 4 7 2 11 11 11 . . 2 6 6 1 . . . . . . . 1 . Core 4 | . 9 5 8 . . . 6 6 3 . . 2 . . . . . . . . . Treads 22 | . 27 28 29 33 33 31 . . . . . . . . . . . . . . . Flight 6 | . . . . . . . 25 26 26 26 26 26 23 23 27 29 26 . 25 27 23 Device 4 | . 2 . . . . . 6 6 6 6 11 20 17 17 19 23 25 . 12 7 11 Storage 14 | . 14 14 14 22 22 22 6 6 6 6 6 5 10 11 8 5 5 . 4 4 1 Processor 6 | . 11 14 6 . . . . . 3 6 6 9 11 11 11 11 10 . 10 9 7 Hackware 1 | . . . . . . . 18 20 20 20 13 . . . . . . . . 4 3 Protection 6 | . . . 10 10 11 8 4 6 6 6 6 5 5 5 5 5 7 . 10 10 1 Energy Gun 1 | . 4 . . . . 1 . . . . . . . . . . . . 2 7 5 Ballistic Gun 12 | . 15 . 13 22 22 18 . . . . . . . . . . . . . . . Ballistic Cannon 4 | . 7 27 8 . . . . . . . . . 3 5 5 5 5 . . . . Impact Weapon 1 | . . . . . . . 5 6 6 6 6 5 5 5 5 5 3 . 5 2 . Peak Build Rating 140 | 7 11 11 24 27 30 26 45 42 45 45 49 68 81 78 89 93 104 95 114 135 140 Average Rating 31 | 4 9 9 17 21 23 23 37 42 43 45 45 58 77 78 84 89 99 94 90 118 101 On Entrance 52 | . 7 11 9 21 22 24 20 42 42 45 45 49 66 78 78 89 89 100 94 98 123 Naked Turns 34 | . . . . . . . . . . . . . . . . . . . . . 34 Heaviest Build 65 | 14 51 51 61 61 65 65 28 28 28 25 25 33 38 36 45 38 41 40 50 58 59 Greatest Support 68 | 40 40 40 60 60 60 68 31 31 31 15 31 40 40 40 40 49 49 40 40 62 59 Greatest Overweight (x) 10 | 3 1 1 5 1 1 1 . 1 1 1 1 10 . . 1 . 1 . 2 1 8 Average Overweight (x) . | 1 . 1 . . . . . . . 1 . . . . . . . . . . . Largest Inventory Capacity 20 | 8 20 20 20 20 20 20 20 10 10 10 10 10 10 10 10 10 10 10 10 10 10 Average Capacity 16 | 7 15 20 20 20 20 20 11 10 10 10 10 10 10 10 10 10 10 10 8 10 7 Most Carried 20 | 4 20 20 20 20 20 20 17 10 10 10 10 10 10 10 10 10 10 10 10 10 10 Average Carried 15 | 2 13 19 19 19 19 19 10 10 10 10 9 9 9 10 9 9 9 9 7 8 6 Final Capacity 20 | 8 20 20 20 20 20 20 10 10 10 10 10 10 10 10 10 10 10 10 10 10 5 Final Carried 20 | 2 20 20 20 20 20 17 10 10 10 10 10 10 10 10 10 10 9 9 9 10 5 Class Distribution -------------------- 77% | Mutant 5% | Derelict-Sprinter 4% | Sprinter 4% | Messiah-Sprinter Dominant Class ---------------- Mutant | -10/Materials Mutant | -10/Mines Mutant | -9/Materials Mutant | -9/Mines Mutant | -7/Zion Mutant | -6/Proximity Caves Hacker-Sprinter | -6/Factory Hacker-Sprinter | -6/Lower Caves Hacker-Sprinter | -6/Lower Caves Hacker-Mutant | -6/Data Miner Derelict-Sprinter | -5/Proximity Caves Derelict-Mutant | -5/Factory Derelict-Sprinter | -5/Upper Caves Derelict-Sprinter | -5/Upper Caves Derelict-Sprinter | -5/Zhirov Sprinter | -4/Proximity Caves Derelict-Sprinter | -4/Factory Derelict-Sprinter | -4/Armory Messiah-Sprinter | -4/Lab Hacker-Sprinter | -3/Research Messiah-Sprinter | -2/Research Resources | -11 -10 -10 -9 -9 -7 -6 -6 -6 -6 -6 -5 -5 -5 -5 -5 -4 -4 -4 -4 -3 -2 ----------- Run | Yrd Mat Min Mat Min Zio Pro Fac Low Low Dat Pro Fac Upp Upp Zhi Pro Fac Arm Lab Res Res Matter Collected 3914 | 117 740 203 1115 38 70 289 . 35 171 . 86 35 329 . 110 73 79 . 47 22 355 Remotely . | . . . . . . . . . . . . . . . . . . . . . . Salvage Created 3337 | 75 647 55 1787 . . 345 . . 10 . . 35 60 . . 67 67 . 47 22 120 Parts 234 | 8 56 14 108 . . 21 . . . . . . 4 . . 12 5 . . 2 4 Haulers Intercepted 8 | . 2 . 6 . . . . . . . . . . . . . . . . . . Recyclers Shooed . | . . . . . . . . . . . . . . . . . . . . . . Parts Field Recycled . | . . . . . . . . . . . . . . . . . . . . . . Retrieved Matter . | . . . . . . . . . . . . . . . . . . . . . . Parts Self-Destructed 53 | . . . . . 2 28 . 4 2 . . . 5 . . 12 . . . . . Prevented 8 | . . . . . . 5 . 3 . . . . . . . . . . . . . Kills | -11 -10 -10 -9 -9 -7 -6 -6 -6 -6 -6 -5 -5 -5 -5 -5 -4 -4 -4 -4 -3 -2 ------- Run | Yrd Mat Min Mat Min Zio Pro Fac Low Low Dat Pro Fac Upp Upp Zhi Pro Fac Arm Lab Res Res Combat Hostiles Destroyed 82 | . 18 9 34 . . 9 . . 1 . . . 5 . . 3 2 . 1 . . Melee 2 | . . . . . . . . . . . . . . . . 2 . . . . . Guns 40 | . 11 1 21 . . 7 . . . . . . . . . . . . . . . Cannons 36 | . 7 8 13 . . . . . . . . . 5 . . 1 2 . . . . AOE 3 | . . . . . . 2 . . 1 . . . . . . . . . . . . Classes Destroyed 15 | 2 7 . 1 . . 3 . . 1 . . . . . . 1 . . . . . Worker 4 | . 1 . 2 . . . . . . . . . . . . . . . . 1 . Builder 5 | . 2 . 3 . . . . . . . . . . . . . . . . . . Tunneler 2 | 1 . 1 . . . . . . . . . . . . . . . . . . . Hauler 8 | . 2 . 6 . . . . . . . . . . . . . . . . . . Recycler 4 | 1 . . 2 . . . . . . . . . . . . . . . . . 1 Operator 5 | . 4 . 1 . . . . . . . . . . . . . . . . . . Drone 2 | . . . . . . . . . . . . . . . . 2 . . . . . Watcher 7 | . 2 . 4 . . . . . . . . 1 . . . . . . . . . Swarmer 28 | . 8 9 3 . . 3 . . . . . . 5 . . . . . . . . Grunt 32 | . 10 . 22 . . . . . . . . . . . . . . . . . . Protector 2 | . . . . . . 2 . . . . . . . . . . . . . . . Sentry 10 | . . . 9 . . 1 . . . . . . . . . . . . . . . Demolisher 2 | . . . . . . 2 . . . . . . . . . . . . . . . Hunter 1 | . . . . . . 1 . . . . . . . . . . . . . . . Programmer 4 | . . . . . . . . . 1 . . . . . . 1 2 . . . . Best Kill Streak 6 | 2 4 3 6 . . 3 . . 1 . . 1 5 . . 1 2 . 1 1 1 Combat Bots Only 5 | . 3 3 3 . . 3 . . 1 . . . 5 . . 1 2 . 1 . . Max Kills in Single Turn 2 | 1 2 1 1 . . 1 . . 1 . . 1 1 . . 1 1 . 1 1 1 Gunslinging . | . . . . . . . . . . . . . . . . . . . . . . Exploded 1 | . . . . . . 1 . . 1 . . . . . . . . . . . . Melee 1 | . . . . . . . . . . . . . . . . 1 . . . . . Uniques/NPCs Destroyed 1 | . . . . . . . . . . . . . . . . . . . 1 . . A5 (-4/Lab) Combat | -11 -10 -10 -9 -9 -7 -6 -6 -6 -6 -6 -5 -5 -5 -5 -5 -4 -4 -4 -4 -3 -2 -------- Run | Yrd Mat Min Mat Min Zio Pro Fac Low Low Dat Pro Fac Upp Upp Zhi Pro Fac Arm Lab Res Res Hostile Shots Fired 754 | . 112 54 133 . . 97 2 . 8 . 24 2 17 4 . 14 19 . 70 8 190 Missed 249 | . 27 8 37 . . 24 2 . 7 . 10 . 9 2 . 9 9 . 29 2 74 Damage Taken 8720 | . 875 377 1231 . . 1273 . . 15 . 291 49 118 42 . 94 204 . 1097 122 2932 Core 2434 | . 168 70 165 . . 139 . . 15 . 81 . 14 . . . 84 . 210 21 1467 Absorbed by Shields 144 | . . . . . . 9 . . . . . . . . . . . . . . 135 Redirected to Shielding 290 | . . . . . . 51 . . . . 23 . 11 13 . 15 18 . 159 . . Ignored by Resistances 112 | . . . . . . . . . . . . . . . . . . . . . 112 Regen/Repaired (Parts) 551 | . 415 . 113 . . . . . . . . . . . . . . . 9 . 14 Core Remaining (%) 67 | 100 . 4 . . . 24 . . . . 88 . . . . 98 . . 61 98 . Volleys Fired 352 | 2 83 22 110 . . 53 . . 2 . 3 . 17 . . 5 13 . 29 . 13 Largest 2 | 2 2 2 2 . . 2 . . 2 . 2 . 1 . . 2 1 . 1 . 2 Hottest 200 | 70 70 70 70 . . 96 . . 63 . 73 . 57 . . 100 57 . 200 . 120 Shots Fired 623 | 4 165 44 220 . . 98 . . 4 . 6 . 17 . . 6 13 . 28 . 18 Gun 390 | 4 136 4 124 . . 93 . . . . . . . . . . . . 14 . 15 Cannon 202 | . 29 40 96 . . . . . . . . . 17 . . 5 13 . 2 . . Launcher 31 | . . . . . . 5 . . 4 . 6 . . . . 1 . . 12 . 3 Special . | . . . . . . . . . . . . . . . . . . . . . . Kinetic 518 | 2 135 44 220 . . 82 . . . . . . 17 . . 5 13 . . . . Thermal 60 | 2 30 . . . . 11 . . . . . . . . . . . . 2 . 15 Explosive 13 | . . . . . . 5 . . 4 . 4 . . . . . . . . . . Electromagnetic 32 | . . . . . . . . . . . 2 . . . . 1 . . 26 . 3 Robot Hit Streak 23 | 3 13 5 23 . . 11 . . . . 5 . 3 . . 2 5 . 6 . 6 Robot Miss Streak 4 | . 4 3 3 . . 3 . . . . . . 2 . . . 1 . 3 . 1 Penetration Max . | . . . . . . . . . . . . . . . . . . . . . . Secondary Targets 6 | . 2 . 3 . . 1 . . . . . . . . . . . . . . . Max Gunslinging Chain 1 | . 1 . 1 . . 1 . . . . . . . . . . . . . . . Shots Hit Robots 420 | 3 101 23 174 . . 62 . . . . 4 1 7 . . 3 10 . 17 1 14 Core Hits 179 | 3 42 10 70 . . 32 . . 3 . 2 . 4 . . 3 3 . 2 1 4 Critical Kills . | . . . . . . . . . . . . . . . . . . . . . . Critical Parts Destroyed 1 | . . . . . . . . . . . . . . . . . . . 1 . . Critical Strikes 12 | . 2 . 4 . . . . . . . . . 4 . . . 1 . 1 . . Burn 1 | . 1 . . . . . . . . . . . . . . . . . . . . Destroy 1 | . . . 1 . . . . . . . . . . . . . . . . . . Blast 9 | . 1 . 3 . . . . . . . . . 4 . . . 1 . . . . Smash 1 | . . . . . . . . . . . . . . . . . . . 1 . . Melee Attacks 41 | . . . . . . . . . . . 2 5 . . . 14 4 . 15 1 . Impact 40 | . . . . . . . . . . . 2 5 . . . 14 3 . 15 1 . Slashing . | . . . . . . . . . . . . . . . . . . . . . . Piercing . | . . . . . . . . . . . . . . . . . . . . . . Sneak Attacks 2 | . . . . . . . . . . . . . . . . . 1 . . 1 . Combat Hostiles 1 | . . . . . . . . . . . . . . . . . 1 . . . . Follow-up Attacks . | . . . . . . . . . . . . . . . . . . . . . . Damage Inflicted 8197 | 35 1257 432 2985 . . 1156 . . 114 . 174 27 261 . . 130 343 . 789 88 406 Guns 3882 | 35 865 22 1666 . . 918 . . . . . . . . . . . . . . 376 Cannons 2948 | . 366 402 1252 . . . . . . . . . 261 . . 45 343 . 279 . . Explosions 743 | . . . . . . 238 . . 114 . 174 . . . . . . . 202 . 15 Melee 508 | . . . . . . . . . . . . 27 . . . 85 . . 308 88 . Ramming 116 | . 26 8 67 . . . . . . . . . . . . . . . . . 15 Kinetic 5689 | 10 904 424 2918 . . 784 . . . . . . 261 . . 45 343 . . . . Thermal 1295 | 25 327 . . . . 134 . . . . . . . . . . . . 433 . 376 Explosive 501 | . . . . . . 238 . . 114 . 149 . . . . . . . . . . Electromagnetic 88 | . . . . . . . . . . . 25 . . . . . . . 48 . 15 Impact 508 | . . . . . . . . . . . . 27 . . . 85 . . 308 88 . Slashing . | . . . . . . . . . . . . . . . . . . . . . . Piercing . | . . . . . . . . . . . . . . . . . . . . . . Highest Corruption 27 | . . . . . . . . . . . 2 . . . . 1 1 1 13 . 27 Average Corruption 7 | . . . . . . . . . . . 1 . . . . 1 1 1 6 . 13 Corruption Purged . | . . . . . . . . . . . . . . . . . . . . . . Corruption Blocked . | . . . . . . . . . . . . . . . . . . . . . . Effects 21 | . . . . . . . . . . . 2 . . . . . . . 9 . 10 Message Errors 5 | . . . . . . . . . . . 1 . . . . . . . 2 . 2 Matter Fused 2 | . . . . . . . . . . . . . . . . . . . 1 . 1 Heat Flow Errors 4 | . . . . . . . . . . . . . . . . . . . 3 . 1 Energy Discharges 1 | . . . . . . . . . . . . . . . . . . . 1 . . Parts Rejected 1 | . . . . . . . . . . . . . . . . . . . . . 1 Data Loss (minor) 2 | . . . . . . . . . . . 1 . . . . . . . . . 1 Alerts 1 | . . . . . . . . . . . . . . . . . . . 1 . . Misdirections 4 | . . . . . . . . . . . . . . . . . . . . . 4 Weapon Failures 1 | . . . . . . . . . . . . . . . . . . . 1 . . Overload Shots . | . . . . . . . . . . . . . . . . . . . . . . Overflow Damage 165 | . 14 7 . . . . . . . . . 5 49 . . . 25 . 65 . . Projectiles 95 | . 14 7 . . . . . . . . . . 49 . . . 25 . . . . Explosions . | . . . . . . . . . . . . . . . . . . . . . . Melee 70 | . . . . . . . . . . . . 5 . . . . . . 65 . . Knockbacks 25 | . 2 6 13 . . . . . . . . . . . . . 3 . 1 . . Impact 2 | . . . 1 . . . . . . . . . . . . . . . 1 . . Kinetic 21 | . 1 5 12 . . . . . . . . . . . . . 3 . . . . Secondary 2 | . 1 1 . . . . . . . . . . . . . . . . . . . Self-Inflicted Damage 35 | . . . . . . . . . . . . . . . . . . . 28 . 7 Shots 1 | . . . . . . . . . . . . . . . . . . . 1 . . Rammed 11 | . 4 1 4 . . . . . . . . . . . . . . . . . 2 Targets Rammed 15 | . 6 2 5 . . . . . . . . . . . . . . . . . 2 Kicked . | . . . . . . . . . . . . . . . . . . . . . . Crushed 4 | . 2 1 1 . . . . . . . . . . . . . . . . . . Highest Temperature 370 | 60 370 90 150 . . 192 . . 6 . 10 . 311 3 9 94 36 . 150 135 343 Average Temperature 53 | 30 71 30 31 . . 74 . . 4 . 4 . 67 1 2 53 19 . 61 69 86 Received Heat Transfer 1053 | . 342 . 573 . . 72 . . . . 9 9 . . . . 21 . . 9 18 Effects 3 | . . . . . . . . . . . . . 1 . . . . . . . 2 Energy Bleed 1 | . . . . . . . . . . . . . . . . . . . . . 1 Damage (minor) 2 | . . . . . . . . . . . . . 1 . . . . . . . 1 Siege Activations . | . . . . . . . . . . . . . . . . . . . . . . Robots Corrupted 2 | . . . . . . . . . . . . 1 . . . . . . 1 . . Combat Hostiles 1 | . . . . . . . . . . . . . . . . . . . 1 . . Parts Fried 2 | . . . . . . . . . . . . 2 . . . . . . . . . Impact Corruptions 5 | . . . . . . . . . . . . 1 1 . . . . . 3 . . Robots Melted . | . . . . . . . . . . . . . . . . . . . . . . Combat Hostiles . | . . . . . . . . . . . . . . . . . . . . . . Parts Melted 2 | . 1 . . . . . . . . . . . . . . . . . . . 1 Heat Transferred 1970 | 74 999 . . . . 258 . . . . . . . . . . . . 195 . 444 Parts Sabotaged . | . . . . . . . . . . . . . . . . . . . . . . Parts Stolen . | . . . . . . . . . . . . . . . . . . . . . . Parts Stripped . | . . . . . . . . . . . . . . . . . . . . . . Power Chain Reactions . | . . . . . . . . . . . . . . . . . . . . . . Alert | -11 -10 -10 -9 -9 -7 -6 -6 -6 -6 -6 -5 -5 -5 -5 -5 -4 -4 -4 -4 -3 -2 ------- Run | Yrd Mat Min Mat Min Zio Pro Fac Low Low Dat Pro Fac Upp Upp Zhi Pro Fac Arm Lab Res Res Peak Influence 542 | 10 196 254 542 211 . . 111 . . . . 268 . . . . 430 210 . 85 469 Initial 318 | . 6 44 98 211 . . 21 . . . . 103 . . . . 318 210 . . 47 Average 179 | 2 58 164 338 169 . . 56 . . . . 143 . . . . 335 210 . 41 202 Maximum Alert Level 2 | . . 1 2 1 . . . . . . . 1 . . . . 2 1 . . 2 Low Security (%) 63 | 100 100 77 23 20 . . 100 . . . . 86 . . . . . . . 100 55 Level 1 19 | . . 22 25 79 . . . . . . . 13 . . . . 90 100 . . 33 Level 2 16 | . . . 51 . . . . . . . . . . . . . 9 . . . 10 Level 3 . | . . . . . . . . . . . . . . . . . . . . . . Level 4 . | . . . . . . . . . . . . . . . . . . . . . . Level 5 . | . . . . . . . . . . . . . . . . . . . . . . High Security . | . . . . . . . . . . . . . . . . . . . . . . Max Security . | . . . . . . . . . . . . . . . . . . . . . . Squads Dispatched 20 | . 5 . 4 . . . 1 . 1 . 1 1 . . . . 1 . . 1 5 Investigation 10 | . 2 . 4 . . . 1 . . . . 1 . . . . . . . 1 1 Extermination 1 | . . . . . . . . . . . . . . . . . . . . . 1 Reinforcement 3 | . 3 . . . . . . . . . . . . . . . . . . . . Assault 2 | . . . . . . . . . 1 . 1 . . . . . . . . . . Garrison 1 | . . . . . . . . . . . . . . . . . 1 . . . . Intercept 3 | . . . . . . . . . . . . . . . . . . . . . 3 Searches Triggered . | . . . . . . . . . . . . . . . . . . . . . . Data Miner Redirects 1 | . . . . . . . . . . . . . . . . . . . . . 1 Construction Impeded . | . . . . . . . . . . . . . . . . . . . . . . Haulers Reinforced . | . . . . . . . . . . . . . . . . . . . . . . Active Scanning Responses . | . . . . . . . . . . . . . . . . . . . . . . Cargo Convoy Interrupts . | . . . . . . . . . . . . . . . . . . . . . . Stealth | -11 -10 -10 -9 -9 -7 -6 -6 -6 -6 -6 -5 -5 -5 -5 -5 -4 -4 -4 -4 -3 -2 --------- Run | Yrd Mat Min Mat Min Zio Pro Fac Low Low Dat Pro Fac Upp Upp Zhi Pro Fac Arm Lab Res Res Distress Signals 24 | . 1 . 3 . . 17 . . . . . . . . . . . . . 2 1 Communications Jammed . | . . . . . . . . . . . . . . . . . . . . . . Distress Signals . | . . . . . . . . . . . . . . . . . . . . . . Times Spotted 227 | . 37 10 48 . . 13 5 . 8 . 12 4 9 5 . 15 13 . 2 7 39 Peak Tracking Total 23 | . 4 3 6 . . 4 6 . 14 . 12 2 6 7 . 7 12 . 1 6 23 Tactical Retreats 24 | . 2 1 2 . . 1 2 . 4 . 2 . 2 2 . 3 . . . 1 2 Traps | -11 -10 -10 -9 -9 -7 -6 -6 -6 -6 -6 -5 -5 -5 -5 -5 -4 -4 -4 -4 -3 -2 ------- Run | Yrd Mat Min Mat Min Zio Pro Fac Low Low Dat Pro Fac Upp Upp Zhi Pro Fac Arm Lab Res Res Traps Triggered 8 | . 3 . 1 . . 1 . . . . . 1 . . . . . . . . 2 Indirectly . | . . . . . . . . . . . . . . . . . . . . . . Trap Hack Attempts . | . . . . . . . . . . . . . . . . . . . . . . Triggered . | . . . . . . . . . . . . . . . . . . . . . . Disarmed . | . . . . . . . . . . . . . . . . . . . . . . Reprogrammed . | . . . . . . . . . . . . . . . . . . . . . . Reused . | . . . . . . . . . . . . . . . . . . . . . . Traps Extracted . | . . . . . . . . . . . . . . . . . . . . . . Installed . | . . . . . . . . . . . . . . . . . . . . . . Triggered 3 | . . . . . . 1 . 1 . . . . . 1 . . . . . . . Machines | -11 -10 -10 -9 -9 -7 -6 -6 -6 -6 -6 -5 -5 -5 -5 -5 -4 -4 -4 -4 -3 -2 ---------- Run | Yrd Mat Min Mat Min Zio Pro Fac Low Low Dat Pro Fac Upp Upp Zhi Pro Fac Arm Lab Res Res Machines Disabled 12 | . . . 1 . . 1 . . . . . . . . . . 1 . 9 . . Max in Single Turn 4 | . . . 1 . . 1 . . . . . . . . . . 1 . 4 . . Garrison Access 1 | . . . . . . . . . . . . . . . . . 1 . . . . Machines Repaired . | . . . . . . . . . . . . . . . . . . . . . . Machines Dismantled . | . . . . . . . . . . . . . . . . . . . . . . Machines Sabotaged . | . . . . . . . . . . . . . . . . . . . . . . Overloaded Fab Kills . | . . . . . . . . . . . . . . . . . . . . . . Hacking | -11 -10 -10 -9 -9 -7 -6 -6 -6 -6 -6 -5 -5 -5 -5 -5 -4 -4 -4 -4 -3 -2 --------- Run | Yrd Mat Min Mat Min Zio Pro Fac Low Low Dat Pro Fac Upp Upp Zhi Pro Fac Arm Lab Res Res Machines Accessed 38 | . 6 . 12 1 . . 1 . . 4 . 1 1 . 6 . 2 . 2 . 2 Terminals 15 | . 4 . 10 1 . . . . . . . . . . . . . . . . . Fabricators 1 | . . . . . . . . . . . . . . . . . . . . . 1 Repair Stations 4 | . 1 . 1 . . . . . . . . . . . . . 1 . . . 1 Recycling Units 1 | . 1 . . . . . . . . . . . . . . . . . . . . Scanalyzers 2 | . . . 1 . . . 1 . . . . . . . . . . . . . . Garrison Access 2 | . . . . . . . . . . . . 1 . . . . 1 . . . . Total Hacks 133 | . 29 . 40 2 . . 3 . . 27 . 1 1 . 18 . 4 . 3 . 5 Successful 89 | . 17 . 16 . . . 2 . . 27 . . 1 . 18 . 2 . 3 . 3 Failed 43 | . 11 . 24 2 . . 1 . . . . 1 . . . . 2 . . . 2 Catastrophic 5 | . 1 . 2 1 . . . . . . . 1 . . . . . . . . . Database Lockouts 1 | . 1 . . . . . . . . . . . . . . . . . . . . Manual 51 | . 10 . 1 2 . . 4 . . . . 13 . . . . 3 . 1 4 13 Terminals 45 | . 14 . 29 2 . . . . . . . . . . . . . . . . . Fabricators 3 | . . . . . . . . . . . . . . . . . . . . . 3 Repair Stations 22 | . 10 . 7 . . . . . . . . . . . . . 3 . . . 2 Recycling Units 5 | . 5 . . . . . . . . . . . . . . . . . . . . Scanalyzers 7 | . . . 4 . . . 3 . . . . . . . . . . . . . . Garrison Access 2 | . . . . . . . . . . . . 1 . . . . 1 . . . . Terminal Hacks 66 | . 7 . 10 . . . . . . 27 . . 1 . 18 . . . 3 . . Record 17 | . . . . . . . . . . 7 . . . . 7 . . . 3 . . Part Schematic 13 | . . . . . . . . . . 10 . . . . 3 . . . . . . Robot Schematic 7 | . . . . . . . . . . 7 . . . . . . . . . . . Robot Analysis 6 | . 2 . . . . . . . . . . . . . 4 . . . . . . Prototype ID Bank 12 | . 1 . 4 . . . . . . 3 . . . . 4 . . . . . . Open Door 1 | . . . . . . . . . . . . . 1 . . . . . . . . Terminal Index 1 | . . . 1 . . . . . . . . . . . . . . . . . . Alert Level 1 | . . . 1 . . . . . . . . . . . . . . . . . . Unreport Threat 2 | . 1 . 1 . . . . . . . . . . . . . . . . . . Locate Traps 1 | . 1 . . . . . . . . . . . . . . . . . . . . Hauler Manifests 1 | . . . 1 . . . . . . . . . . . . . . . . . . Registered Components 1 | . . . 1 . . . . . . . . . . . . . . . . . . Zone Layout 3 | . 2 . 1 . . . . . . . . . . . . . . . . . . Fabricator Hacks 2 | . . . . . . . . . . . . . . . . . . . . . 2 Load Schematic 1 | . . . . . . . . . . . . . . . . . . . . . 1 Build 1 | . . . . . . . . . . . . . . . . . . . . . 1 Repair Station Hacks 13 | . 8 . 3 . . . . . . . . . . . . . 1 . . . 1 Scan Component 8 | . 4 . 2 . . . . . . . . . . . . . 1 . . . 1 Repair 5 | . 4 . 1 . . . . . . . . . . . . . . . . . . Recycling Unit Hacks 1 | . 1 . . . . . . . . . . . . . . . . . . . . Retrieve Components 1 | . 1 . . . . . . . . . . . . . . . . . . . . Scanalyzer 5 | . . . 3 . . . 2 . . . . . . . . . . . . . . Insert Component 3 | . . . 2 . . . 1 . . . . . . . . . . . . . . Analyze 2 | . . . 1 . . . 1 . . . . . . . . . . . . . . Garrison Access Hacks 1 | . . . . . . . . . . . . . . . . . 1 . . . . Seal Access 1 | . . . . . . . . . . . . . . . . . 1 . . . . Unauthorized Hacks 1 | . 1 . . . . . . . . . . . . . . . . . . . . Terminals 1 | . 1 . . . . . . . . . . . . . . . . . . . . Operators 1 | . 1 . . . . . . . . . . . . . . . . . . . . Fabricators . | . . . . . . . . . . . . . . . . . . . . . . Repair Stations . | . . . . . . . . . . . . . . . . . . . . . . Recycling Units . | . . . . . . . . . . . . . . . . . . . . . . Scanalyzers . | . . . . . . . . . . . . . . . . . . . . . . Garrison Access . | . . . . . . . . . . . . . . . . . . . . . . Data Cores Recovered 2 | . 1 . 1 . . . . . . . . . . . . . . . . . . Used 1 | . . . 1 . . . . . . . . . . . . . . . . . . Hacking Detections 24 | . 6 . 12 1 . . 1 . . . . 1 . . . . 1 . . . 2 Full Trace Events 5 | . . . 3 . . . 1 . . . . . . . . . . . . . 1 Feedback Events . | . . . . . . . . . . . . . . . . . . . . . . Feedback Blocked . | . . . . . . . . . . . . . . . . . . . . . . Robot Schematics Acquired 10 | . . . . . 3 . . . . 7 . . . . . . . . . . . Robots Built . | . . . . . . . . . . . . . . . . . . . . . . Authchips . | . . . . . . . . . . . . . . . . . . . . . . Time . | . . . . . . . . . . . . . . . . . . . . . . Total Robot Build Rating . | . . . . . . . . . . . . . . . . . . . . . . Part Schematics Acquired 29 | . . . 1 . 15 . . . . 10 . . . . 3 . . . . . . Parts Built 1 | . . . . . . . . . . . . . . . . . . . . . 1 Authchips . | . . . . . . . . . . . . . . . . . . . . . . Time 84 | . . . . . . . . . . . . . . . . . . . . . 84 Total Part Build Rating 6 | . . . . . . . . . . . . . . . . . . . . . 6 Parts Repaired 5 | . 4 . 1 . . . . . . . . . . . . . . . . . . Time 130 | . 104 . 26 . . . . . . . . . . . . . . . . . . Parts Recycled . | . . . . . . . . . . . . . . . . . . . . . . Recycled Matter . | . . . . . . . . . . . . . . . . . . . . . . Retrieved Matter . | . . . . . . . . . . . . . . . . . . . . . . Retrieved Components 1 | . 1 . . . . . . . . . . . . . . . . . . . . Parts Scanalyzed 3 | . . . 2 . . . 1 . . . . . . . . . . . . . . Part Schematics Acquired 1 | . . . 1 . . . . . . . . . . . . . . . . . . Parts Damaged 2 | . . . 1 . . . 1 . . . . . . . . . . . . . . Bothacking | -11 -10 -10 -9 -9 -7 -6 -6 -6 -6 -6 -5 -5 -5 -5 -5 -4 -4 -4 -4 -3 -2 ------------ Run | Yrd Mat Min Mat Min Zio Pro Fac Low Low Dat Pro Fac Upp Upp Zhi Pro Fac Arm Lab Res Res Used RIF Installer . | . . . . . . . . . . . . . . . . . . . . . . Robots Hacked . | . . . . . . . . . . . . . . . . . . . . . . Non-combat . | . . . . . . . . . . . . . . . . . . . . . . Combat . | . . . . . . . . . . . . . . . . . . . . . . Robot Hacks Applied . | . . . . . . . . . . . . . . . . . . . . . . Relay Couplers Released . | . . . . . . . . . . . . . . . . . . . . . . Fabnet Peak Effective % . | . . . . . . . . . . . . . . . . . . . . . . Robots Rewired . | . . . . . . . . . . . . . . . . . . . . . . Allies Hacked . | . . . . . . . . . . . . . . . . . . . . . . Hacks Repelled . | . . . . . . . . . . . . . . . . . . . . . . Allies | -11 -10 -10 -9 -9 -7 -6 -6 -6 -6 -6 -5 -5 -5 -5 -5 -4 -4 -4 -4 -3 -2 -------- Run | Yrd Mat Min Mat Min Zio Pro Fac Low Low Dat Pro Fac Upp Upp Zhi Pro Fac Arm Lab Res Res Total Allies 18 | . . . . . 4 . . . . . . 9 . . . . . . . 1 4 Largest Group 8 | . . . . . 4 4 . . . . . 8 7 1 . . . . . 1 4 Highest-Rated Group 614 | . . . . . 151 151 . . . . . 356 320 28 . . . . . 31 614 Highest-Rated Ally 269 | . . . . . 40 40 . . . . . 70 70 28 . . . . . 31 269 Zionite Dispatches 5 | . . . . . . . . . . . . 2 . . . . . . . 1 2 Light 2 | . . . . . . . . . . . . 1 . . . . . . . . 1 Fire 1 | . . . . . . . . . . . . 1 . . . . . . . . . Experimental 1 | . . . . . . . . . . . . . . . . . . . . . 1 Zionite Resupply 1 | . . . . . . . . . . . . . . . . . . . . 1 . Total Orders 1 | . . . . . . . . . . . . . . . . . . . . 1 . DROP 1 | . . . . . . . . . . . . . . . . . . . . 1 . Ally Attacks 112 | . . . . . . 16 . . . . . 33 34 . . . . . . . 29 Total Damage 4067 | . . . . . . 287 . . . . . 718 633 . . . . . . . 2429 Kills 23 | . . . . . . 4 . . . . . 3 4 . . . . . . . 12 Allies Corrupted 1 | . . . . . . . . . . . . . . . . . . . . . 1 Allies Melted . | . . . . . . . . . . . . . . . . . . . . . . Intel | -11 -10 -10 -9 -9 -7 -6 -6 -6 -6 -6 -5 -5 -5 -5 -5 -4 -4 -4 -4 -3 -2 ------- Run | Yrd Mat Min Mat Min Zio Pro Fac Low Low Dat Pro Fac Upp Upp Zhi Pro Fac Arm Lab Res Res Robot Analysis Total 6 | . 2 . . . . . . . . . . . . . 4 . . . . . . Derelict Logs Recovered 11 | . . 1 . 2 1 . . . 1 . 2 . 1 . . 3 . . . . . Drone Launches . | . . . . . . . . . . . . . . . . . . . . . . Drone Recoveries . | . . . . . . . . . . . . . . . . . . . . . . Zionite Intel Received 3 | . . . . . . . . . . . . 2 . . . . . . . . 1 Branch Access 1 | . . . . . . . . . . . . 1 . . . . . . . . . Active Garrisons 1 | . . . . . . . . . . . . . . . . . . . . . 1 Depthwide Sectors/-1 1 | . . . . . . . . . . . . 1 . . . . . . . . . Exploration | -11 -10 -10 -9 -9 -7 -6 -6 -6 -6 -6 -5 -5 -5 -5 -5 -4 -4 -4 -4 -3 -2 ------------- Run | Yrd Mat Min Mat Min Zio Pro Fac Low Low Dat Pro Fac Upp Upp Zhi Pro Fac Arm Lab Res Res Turns Passed 12836 | 68 2884 327 2316 502 2599 1027 125 101 199 78 183 394 366 81 77 449 233 2 294 120 411 Spaces Moved 9077 | 33 868 102 995 206 1075 345 221 275 445 79 372 451 632 272 179 699 391 1 459 291 686 Core 541 | 26 . . . . . . . 36 84 79 80 139 . . . . . . 1 . 96 Treads 3446 | 7 868 102 843 206 1075 345 . . . . . . . . . . . . . . . Legs . | . . . . . . . . . . . . . . . . . . . . . . Wheels 152 | . . . 152 . . . . . . . . . . . . . . . . . . Hover . | . . . . . . . . . . . . . . . . . . . . . . Flight 4938 | . . . . . . . 221 239 361 . 292 312 632 272 179 699 391 1 458 291 590 Fastest Speed 11 | 50 160 240 145 160 160 163 27 27 27 100 27 24 27 27 23 14 14 23 23 11 12 Average Speed 103 | 152 208 240 169 239 239 228 27 36 40 100 42 61 27 27 25 22 22 23 23 20 28 Slowest Speed 550 | 200 240 240 240 240 240 243 27 100 100 100 100 550 27 27 99 23 93 23 150 91 450 Overloaded Moves 100 | . . . . . . . . . . . . . . . . 21 10 . . 9 60 Propulsion Burnouts . | . . . . . . . . . . . . . . . . . . . . . . Robots Hopped 34 | . . . . . . . 2 1 2 . . . 1 . . . 4 . . 5 19 Cave-ins Triggered . | . . . . . . . . . . . . . . . . . . . . . . Teleports 2 | . . . . . . . . . . . . . . . . . . 1 1 . . Exploration Rate (%) 48 | 3 97 23 83 59 89 53 6 52 61 69 63 16 70 48 63 70 12 1 96 10 18 Regions Visited 21 Branch Regions 14 Pre-discovered Areas 13 | . . . . . 1 . . . . 1 . 6 . . 3 2 . . . . . Known Exits Taken 1 | . . . . . . . . . . . . 1 . . . . . . . . . Unknown Exits Taken 20 | 1 1 1 1 1 1 1 1 1 1 1 1 . 1 1 1 1 1 1 1 1 . Scrap Searched 15 | . . 1 . . 2 . . 1 2 . 3 . 3 1 . 2 . . . . . Spaces Dug 17 | . . . . . . . . . . . 2 1 2 . . 8 4 . . . . Terrain Destroyed 72 | . . . . . . . . . 20 . 20 1 14 . . 8 6 . 3 . . Melee 8 | . . . . . . . . . . . 2 1 . . . 2 3 . . . . Projectile 23 | . . . . . . . . . . . . . 14 . . 6 3 . . . . AOE 41 | . . . . . . . . . 20 . 18 . . . . . . . 3 . . Terrain Rammed . | . . . . . . . . . . . . . . . . . . . . . . Walls Destroyed . | . . . . . . . . . . . . . . . . . . . . . . Machines Disabled . | . . . . . . . . . . . . . . . . . . . . . . Actions | -11 -10 -10 -9 -9 -7 -6 -6 -6 -6 -6 -5 -5 -5 -5 -5 -4 -4 -4 -4 -3 -2 --------- Run | Yrd Mat Min Mat Min Zio Pro Fac Low Low Dat Pro Fac Upp Upp Zhi Pro Fac Arm Lab Res Res Total 11822 | 45 1798 139 1428 216 1099 487 286 273 455 78 386 560 812 278 210 957 512 2 586 347 868 Wait 1795 | . 794 5 196 4 8 5 34 . 7 . . 81 134 7 1 233 90 . 32 35 129 Move 8993 | 32 867 101 994 205 1074 344 216 272 440 78 371 450 629 271 178 698 382 . 458 282 651 Hop 29 | . . . . . . . 2 1 2 . . . 1 . . . 4 . . 3 16 Pick Up 107 | 4 22 3 31 1 4 1 5 . . . . 4 7 . 4 1 . . 10 5 5 Fast Attach 106 | 5 9 . 15 2 4 1 3 . 2 . 4 7 7 . 11 . 4 . 13 7 12 Attach 57 | 2 1 2 7 . 1 4 10 . . . 1 1 2 . . 1 5 1 10 1 8 Detach 48 | . 4 . 4 1 . . 5 . 1 . 5 3 2 . . 1 4 1 8 5 4 Swap 31 | . 3 2 14 . . . 4 . . . . 2 . . 2 3 1 . . . . Drop 151 | . 9 2 52 3 8 1 7 . 1 . . 7 13 . 14 1 2 . 11 8 12 Fire 352 | 2 83 22 110 . . 53 . . 2 . 3 . 17 . . 5 13 . 29 . 13 Melee 41 | . . . . . . . . . . . 2 5 . . . 14 4 . 15 1 . Ram 2 | . . . . . . . . . . . . . . . . . . . . . 2 Kick . | . . . . . . . . . . . . . . . . . . . . . . Crush 13 | . 6 2 5 . . . . . . . . . . . . . . . . . . Escape Stasis 16 | . . . . . . . . . . . . . . . . . . . . . 16 Rewire 81 | . . . . . . 78 . . . . . . . . . . 3 . . . . Trap . | . . . . . . . . . . . . . . . . . . . . . . Miscellaneous . | . . . . . . . . . . . . . . . . . . . . . . Route ------- -11/Scrapyard -10/Materials (discovered 5 exits: *Mat x3 / [*Min x2]) -10/Mines -9/Materials (discovered 4 exits: [*Mat x3] / *Min) -9/Mines (discovered 3 exits: [*Mat x2] / [*Zio]) -7/Zion -6/Proximity Caves -6/Factory -6/Lower Caves -6/Lower Caves -6/Data Miner -5/Proximity Caves -5/Factory (discovered 4 exits: *Upp x2 / Ext x2) -5/Upper Caves -5/Upper Caves -5/Zhirov -4/Proximity Caves -4/Factory -4/Armory -4/Lab -3/Research (discovered 2 exits: *Res / Qua) -2/Research History --------- Turn | Location | Event 18 | -11/Scrapyard | Discovered new exit (range 15) 69 | -11/Scrapyard | Entered Materials 130 | -10/Materials | Central database locked down 313 | -10/Materials | Build established: Mutant 538 | -10/Materials | Discovered new exit (range 6) 954 | -10/Materials | Discovered new exit (range 9) 1052 | -10/Materials | Repaired Lgt. Treads 1080 | -10/Materials | Repaired Lgt. Treads 1717 | -10/Materials | Discovered new exit (range 12) 2022 | -10/Materials | Core integrity fell below 50% 2086 | -10/Materials | Discovered new exit (range 15) 2331 | -10/Materials | Discovered new exit (range 15) 2600 | -10/Materials | Repaired Lgt. Treads 2628 | -10/Materials | Repaired Lgt. Treads 2953 | -10/Materials | Entered Mines 3071 | -10/Mines | Learned Materials stockpile data 3086 | -10/Mines | Core integrity fell below 20% 3251 | -10/Mines | Discovered new exit (range 12) 3280 | -10/Mines | Entered Materials 3280 | -9/Materials | Evolved 2 slots: Propulsion x1, Utility x1 3466 | -9/Materials | Repaired Lgt. Treads 3756 | -9/Materials | Discovered new exit (range 5) 3979 | -9/Materials | Discovered new exit (range 9) 4794 | -9/Materials | Discovered new exit (range 6) 5150 | -9/Materials | Discovered new exit (range 15) 5596 | -9/Materials | Entered Mines 5603 | -9/Mines | Received a Rocket Launcher from a helpful Derelict 5621 | -9/Mines | Discovered new exit (range 10) 5626 | -9/Mines | Learned Materials stockpile data 5633 | -9/Mines | Learned Materials security intel 5808 | -9/Mines | Discovered new exit (range 6) 5871 | -9/Mines | Found a damaged Exp. Sensor Array with a note attached 5876 | -9/Mines | Found Prototype Device 5876 | -9/Mines | Identified Exp. Sensor Array 6094 | -9/Mines | A Derelict revealed a hidden shortcut to a safe place 6098 | -9/Mines | Entered Zion 6314 | -7/Zion | Given A8's code to call for help 6661 | -7/Zion | Found Prototype Device 6661 | -7/Zion | Identified Bomb Factory No. 2 6761 | -7/Zion | Learned location of Warlord (-4) 8147 | -7/Zion | Met Imprinter 8185 | -7/Zion | Imprinted 8187 | -7/Zion | Declared Zion's savior 8666 | -7/Zion | Discovered new exit (range 8) 8673 | -7/Zion | Given the Hacking Drone Bay 8697 | -7/Zion | Entered Proximity Caves 8697 | -6/Proximity Caves | Accompanied by 4 allies 8858 | -6/Proximity Caves | Attracted the attention of an 0b10 checkpoint 9409 | -6/Proximity Caves | Lost 4 allies 9433 | -6/Proximity Caves | Core integrity fell below 50% 9587 | -6/Proximity Caves | Lost 4 parts (1n1u2w) 9593 | -6/Proximity Caves | Discovered new exit (range 15) 9724 | -6/Proximity Caves | Entered Factory 9724 | -6/Factory | Evolved 6 slots: Propulsion x1, Utility x4, Weapon x1 9807 | -6/Factory | Discovered new exit (range 7) 9849 | -6/Factory | Entered Lower Caves 9946 | -6/Lower Caves | Discovered new exit (range 14) 9950 | -6/Lower Caves | Entered another Lower Caves area 10029 | -6/Lower Caves | Attracted the attention of an 0b10 outpost 10042 | -6/Lower Caves | Learned Factory non-interactive machine intel 10147 | -6/Lower Caves | Discovered new exit (range 8) 10149 | -6/Lower Caves | Entered Data Miner 10149 | -6/Data Miner | Discovered new exit (range 6) 10168 | -6/Data Miner | Met Data Miner 10189 | -6/Data Miner | Learned location of Section 7 (-2) 10189 | -6/Data Miner | Acquired the access code to Warlord's prototype stash 10205 | -6/Data Miner | Received God Mode back door access code from Data Miner 10227 | -6/Data Miner | Entered Proximity Caves 10304 | -5/Proximity Caves | Attracted the attention of an 0b10 outpost 10357 | -5/Proximity Caves | Learned location of 1 exit from Factory 10372 | -5/Proximity Caves | Learned Factory terminal intel 10408 | -5/Proximity Caves | Discovered new exit (range 10) 10410 | -5/Proximity Caves | Entered Factory 10410 | -5/Factory | Evolved 2 slots: Propulsion x1, Utility x1 10411 | -5/Factory | Identified exit to Extension 10412 | -5/Factory | Loaded intel: 208 non-interactive machine locations 10413 | -5/Factory | Loaded intel: 27 terminal locations 10693 | -5/Factory | Spotted B-75 Beast 10693 | -5/Factory | Allied Derelicts emerged from ambush trap array 10695 | -5/Factory | Retrieved Zion intel report: Branch Access 10695 | -5/Factory | Identified exit to Upper Caves 10698 | -5/Factory | Zion Fire squad teleported in 10701 | -5/Factory | Allies destroyed B-75 Beast 10766 | -5/Factory | Retrieved Zion intel report: Depthwide Sectors/-4 10767 | -5/Factory | Zion Light squad teleported in 10804 | -5/Factory | Entered Upper Caves 10804 | -5/Upper Caves | Accompanied by 7 allies 10806 | -5/Upper Caves | Attracted the attention of an 0b10 checkpoint 10808 | -5/Upper Caves | Found Prototype Protection 10808 | -5/Upper Caves | Identified Zio. Weapon Casing 10938 | -5/Upper Caves | Spotted B-75 Beast 10940 | -5/Upper Caves | Learned 4 Factory zone layouts 10998 | -5/Upper Caves | Lost 4 allies 11124 | -5/Upper Caves | Discovered new exit (range 10) 11170 | -5/Upper Caves | Entered another Upper Caves area 11170 | -5/Upper Caves | Accompanied by 1 ally 11196 | -5/Upper Caves | Build established: Derelict-Sprinter 11249 | -5/Upper Caves | Discovered new exit (range 6) 11251 | -5/Upper Caves | Entered Zhirov 11251 | -5/Zhirov | Discovered new exit (range 3) 11258 | -5/Zhirov | Met Zhirov 11304 | -5/Zhirov | Found Alien Artifact 11304 | -5/Zhirov | Identified Integrated Dissipator 11304 | -5/Zhirov | Installed Integrated Dissipator, increased core heat dissipation (+20) 11311 | -5/Zhirov | Found Alien Artifact 11317 | -5/Zhirov | Learned location of Quarantine (-3) 11317 | -5/Zhirov | Learned location of Testing (-2) 11317 | -5/Zhirov | Learned location of Command (-1) 11321 | -5/Zhirov | Zhirov requested help retrieving the SGEMP Prototype 11328 | -5/Zhirov | Entered Proximity Caves 11332 | -4/Proximity Caves | Spotter reported a threat 11341 | -4/Proximity Caves | Spotter reported a threat 11467 | -4/Proximity Caves | Learned location of 1 exit from Research 11562 | -4/Proximity Caves | Build established: Sprinter 11776 | -4/Proximity Caves | Discovered new exit (range 7) 11777 | -4/Proximity Caves | Entered Factory 11777 | -4/Factory | Evolved 2 slots: Utility x2 11843 | -4/Factory | Spotted B-86 Titan 11954 | -4/Factory | Garrison activated, responded to threat 12007 | -4/Factory | Discovered new exit (range 11) 12010 | -4/Factory | Entered Armory 12011 | -4/Armory | Identified Transdimensional Reconstructor 12011 | -4/Armory | Warped through subspace to slip node 12011 | -4/Armory | Discovered new exit (range 1) 12012 | -4/Armory | Entered Lab 12012 | -4/Lab | Discovered new exit (range 9) 12015 | -4/Lab | Unable to decrypt terminal 12015 | -4/Lab | Unable to decrypt terminal 12015 | -4/Lab | Opened the door to a hidden lab 12016 | -4/Lab | Gained access to the hidden lab's interior 12016 | -4/Lab | Detected by scanners 12017 | -4/Lab | Unable to decrypt terminal 12022 | -4/Lab | Found Alien Artifact 12022 | -4/Lab | Identified Integrated Mediator 12022 | -4/Lab | Installed Integrated Mediator, increased core attachment efficiency 12031 | -4/Lab | Found Prototype Protection 12031 | -4/Lab | Identified Med. Regenerative Plating 12034 | -4/Lab | Found Prototype Energy Gun 12034 | -4/Lab | Identified Hyp. EM Gauss Rifle 12039 | -4/Lab | Found Prototype Energy Cannon 12039 | -4/Lab | Identified Potential Cannon 12047 | -4/Lab | Unable to decrypt terminal 12094 | -4/Lab | Confronted by A5 12142 | -4/Lab | Lost 4 parts (4u) 12162 | -4/Lab | Found Alien Artifact 12162 | -4/Lab | Identified Core Expander 12162 | -4/Lab | Installed Core Expander, added new Power slot 12204 | -4/Lab | System corruption reached 10% 12217 | -4/Lab | Found Transdimensional Reconstructor 12217 | -4/Lab | Warped through subspace 12240 | -4/Lab | Destroyed A5 12257 | -4/Lab | Found Prototype Hackware 12273 | -4/Lab | Unable to decrypt terminal 12273 | -4/Lab | Unable to decrypt terminal 12278 | -4/Lab | Unable to decrypt terminal 12279 | -4/Lab | Found Alien Artifact 12288 | -4/Lab | Unable to decrypt terminal 12288 | -4/Lab | Unable to decrypt terminal 12288 | -4/Lab | Unable to decrypt terminal 12298 | -4/Lab | Found Prototype Special Weapon 12305 | -4/Lab | Identified Deep Network Scanner 12306 | -4/Lab | Entered Research 12306 | -3/Research | Evolved 2 slots: Propulsion x2 12307 | -3/Research | Identified exit to Quarantine 12336 | -3/Research | Zion Zionite Resupply teleported in 12372 | -3/Research | Found Prototype Protection 12372 | -3/Research | Identified Zio. Heavy Carapace 12412 | -3/Research | Discovered new exit (range 12) 12426 | -3/Research | Entered another Research area 12426 | -2/Research | Evolved 2 slots: Propulsion x1, Utility x1 12430 | -2/Research | Zion Light squad teleported in 12480 | -2/Research | Incoming investigation squad redirected 12546 | -2/Research | Fabricated Cld. Nuclear Pulse Thruster (x1) 12578 | -2/Research | Retrieved Zion intel report: Active Garrisons 12579 | -2/Research | Zion Experimental squad teleported in 12622 | -2/Research | Intercept squad dispatched 12636 | -2/Research | Spotted Tracker 12636 | -2/Research | Spotted Tracker 12660 | -2/Research | Spotted Combat Programmer 12703 | -2/Research | Spotted Combat Programmer 12707 | -2/Research | Found Prototype Protection 12707 | -2/Research | Identified Zio. Shade Armor 12731 | -2/Research | Lost 4 allies 12751 | -2/Research | System corruption reached 10% 12802 | -2/Research | Core integrity fell below 50% 12803 | -2/Research | Enhanced Grunt threateningly warped into view 12808 | -2/Research | Enhanced Grunt threateningly warped into view 12809 | -2/Research | Enhanced Grunt threateningly warped into view 12832 | -2/Research | Core integrity fell below 20% 12834 | -2/Research | Lost 27 parts (2p11n12u2w) 12837 | -2/Research | Destroyed by P-80 Master with Gamma Rifle Last Messages --------------- 12805_ Slug penetrates Wall. 12806_ EMDS Slug penetrates Enhanced Grunt. 12807_ P-80 Master resets H-88 Terminator, system corruption cleaned. 12807_ EMDS Slug penetrates Wall. 12808_ Slug penetrates Wall. 12808_ Penetrated by Slug. 12808_ Slug penetrates Combat Programmer. 12810_ Slug penetrates Wall. 12811_ K-01 Serf collects debris. 12811_ EMDS Slug penetrates U-05 Engineer. 12811_ U-05 Engineer destroyed. 12811_ Penetrated by Slug. 12814_ Wall collapses. 12814_ Slug penetrates Enhanced Grunt. 12814_ Slug penetrates Wall. 12815_ K-01 Serf collects debris. 12819_ EMDS Slug penetrates Wall. 12831_ &&THZPULBI%EF=/DND8%Z U<9XIOQW09%G 12831_ Penetrated by EMDS Slug. 12835_ P-80 Master resets Combat Programmer, system corruption cleaned. Map ----- +----------------------------------------------------+ | | | | | | | | | | | | | | | | | ?????????????????????????????????????????????????? | | ?????????????????????????????????????????????????? | | ?????????????????????????????????????????????????? | | ?????????????????????????????????????????????????? | | ?????????????????????????????????????????????????? | | ?????????????????????????????????????????????????? | | ?????????????????????????????????????????????????? | | ?????????????????????????????????????????????????? | | ?????????????????????????????????????????????????? | | ?????????????????????????????????????????????????? | | ?????#######?????????????????????????????????????? | | ?????# ?????????????????????????????????????? | | ?????# ????????????????????????????????????? | | ?????#"" ????????????????????????????????????? | | ?????#"" ???????????????????????????????????? | | ?????#"" ???????????????????????????????????? | | ?????#S ###########+######+###????????????? | | ?????#"" # @ ????????? | | ?????#"" /k ????????? | | ?????#"" # ????????? | | ?????# #pp s?????????? | | ?????# #p############# s?????????? | | ?????# # #????????????? ??????????? | | ?????# / #?????????????? s ??????????? | | ?????# # #??????????????? ??????????? | | ?????# ! # #???????????????? ???????????? | | ?????# ?# #????????????????? p ???????????? | | ?????#########?# #?????????????????? ????????????? | | ???????????????# #???????????????????????????????? | | ???????????????# #???????????????????????????????? | | ################ ########????????????????????????? | | #????????????????????????? | | #????????????????????????? | | #????????????????????????? | | #????????????????????????? | | ###########+##### #????????????????????????? | | # #????????? #????????????????????????? | | # #?????????? #????????????????????????? | | " #??????????? ???????????????????????? | | # #??????????? ??????????????????????? | | # #???????????? ?????????????????????? | | =%#? #????????????? "" ?????????????????????? | +----------------------------------------------------+ Best States ------------- Heat Dissipation 88 Energy Generation 49 Energy Capacity 940 Matter Stores 500 Matter Capacity 500 Sight Range 22 Robot Scan Range 20 Terrain Scan Density 10 Cloak Strength 3 Power Amplification 30 Additional Mass Support 12 Armor Coverage 1200 Resistance: KI 30 Resistance: TH 30 Resistance: EX 30 Resistance: EM 30 Resistance: I 30 Resistance: S 30 Resistance: P 30 Power Shielding 66 Propulsion Shielding 90 Weapon Shielding 100 Phase Shifting 15 Evasion (%) 81 Targeting Accuracy 5 Core Analysis 6 Recoil Reduction 3 Salvage Targeting 1 Offensive Hacking 30 Item Schematics ----------------- Imp. VTOL Module | -9/Materials | Scanalyzed Hpw. Shock Rifle | -7/Zion | Archive Gauss Rifle | -7/Zion | Archive Recalibrator | -7/Zion | Archive Magnetic Acceleration Cannon | -7/Zion | Archive Imp. Shock Absorption System | -7/Zion | Archive Imp. EM Pulse Cannon | -7/Zion | Archive Fission Core | -7/Zion | Archive Hvy. Rocket Launcher | -7/Zion | Archive Adv. Terrain Scanner | -7/Zion | Archive Corruption Screen | -7/Zion | Archive Imp. Target Analyzer | -7/Zion | Archive Flak Gun | -7/Zion | Archive Imp. Cryofiber Web | -7/Zion | Archive System Restoration Module | -7/Zion | Archive Neutrino Core | -7/Zion | Archive Combat Drone Bay | -6/Data Miner | Free Lgt. Regenerative Plating | -6/Data Miner | Free Cld. Nuclear Pulse Thruster | -6/Data Miner | Free Exp. Heat Sink | -6/Data Miner | Free Mni. Smartbomb Launcher | -6/Data Miner | Free Adv. VSS Leg | -6/Data Miner | Free Adv. Transmission Jammer | -6/Data Miner | Free Adv. Component Analysis Suite | -6/Data Miner | Free Railgun | -6/Data Miner | Free Adv. Power Amplifier | -6/Data Miner | Free Assault Drone Bay | -5/Zhirov | Free Exp. Optical Array | -5/Zhirov | Free Imp. Arc Thrower | -5/Zhirov | Free Robot Schematics ------------------ L-31 Rogue | -7/Zion | Archive O-24 Administrator | -7/Zion | Archive R-06 Scavenger | -7/Zion | Archive E-15 Imp | -6/Data Miner | Free B-48 Gladiator | -6/Data Miner | Free D-63 Destroyer | -6/Data Miner | Free L-41 Fighter | -6/Data Miner | Free G-50 Soldier | -6/Data Miner | Free L-61 Swordsman | -6/Data Miner | Free A-27 Freighter | -6/Data Miner | Free Fabricated ------------ Cld. Nuclear Pulse Thruster | x1 | -2/Research Alien Tech Used ----------------- Integrated Dissipator Transdimensional Reconstructor Integrated Mediator Core Expander Achievements -------------- Anyone Home? Max Potential Subspace Traveler Challenges ------------ None Game ------ Seed AssaultGravmagConstruct Manual? 0 Play Time 03:02:27 Cumulative 56.3 hours Start 2024.12.29 @ 19:37:49 End 2024.12.29 @ 23:27:36 Sessions 3 Manual Loads 0 Difficulty Rogue Special Mode None Game No. 54 Rogue 54 Adventurer 0 Explorer 0 Win Type - Total 1 Types 0/0/0/1/0/0/0/0/0 Lore% 43 Gallery% 43 Achievement% 44 Wizard Run 0 Options --------- Layout 0 ASCII 0 Keyboard 1 Movement Numpad Keybinds 0 Fullscreen 1 Font 24/Smallcaps Map View 76x56 Zoom Use 0% Tactical HUD 1 Map Filters NONE Filters NONE Steam 1 RUN: 72e09d9f-efc7-4513-a56c-0101126399fd